 Dungeon Crawl Stone Soup version 0.26-a0-660-gc07710193c (webtiles) character file.

Game seed: 6056676979763295959

693 CovertPenguin the Chiller (level 7, -5/36 HPs)
             Began as a Deep Elf Ice Elementalist on Oct 8, 2020.
             Was an Initiate of Sif Muna.
             Slain by a centaur (9 damage)
             ... on level 5 of the Dungeon.
             The game lasted 00:13:38 (4456 turns).

CovertPenguin the Chiller (DEIE)                    Turns: 4456, Time: 00:13:38

Health: -5/36      AC:  7    Str:  7    XL:     7   Next: 37%
Magic:  15/16      EV: 13    Int: 20    God:    Sif Muna [......]
Gold:   242        SH:  0    Dex: 15    Spells: 1/16 levels left

rFire    . . .     SeeInvis .   i - +2 whip (elec)
rCold    . . .     Faith    .   (no shield)
rNeg     . . .     Spirit   .   a - +0 robe
rPois    .         Reflect  .   r - +0 helmet
rElec    .         Harm     .   B - +2 cloak
rCorr    .         Rampage  .   m - +0 pair of gloves
MR       .....                  (no boots)
Stlth    ++........             (no amulet)
HPRegen  0.12/turn              A - ring of flight
MPRegen  0.15/turn              (no ring)

@: stab
A: no striking features
a: Renounce Religion, Evoke Flight


You were on level 5 of the Dungeon.
You worshipped Sif Muna.
Sif Muna was noncommittal.
You visited 2 branches of the dungeon, and saw 6 of its levels.

You collected 242 gold pieces.

Inventory:

Hand Weapons
 h - a +0 dagger
   (You found it on level 1 of the Dungeon)
 i - a +2 whip of electrocution (weapon)
   (You took it off a kobold on level 1 of the Dungeon)
 s - a +2 dagger of venom
   (You took it off a goblin on level 3 of the Dungeon)
 w - a +0 dagger of speed
   (You took it off a goblin on level 3 of the Dungeon)
 y - a +0 dagger of venom
   (You found it on level 4 of the Dungeon)
Missiles
 c - 211 stones (quivered)
Armour
 a - a +0 robe (worn)
 m - a +0 pair of gloves (worn)
   (You found it on level 2 of the Dungeon)
 r - a +0 helmet (worn)
   (You took it off Robin on level 3 of the Dungeon)
 B - a +2 cloak (worn)
   (You found it on level 4 of the Dungeon)
 E - a +0 kite shield
   (You found it on level 5 of the Dungeon)
Magical Staves
 q - an uncursed staff of death
   (You found it on level 2 of the Dungeon)
Jewellery
 k - an uncursed amulet of faith {!P}
   (You found it on level 1 of the Dungeon)
 A - a ring of flight (left hand)
   (You found it on level 4 of the Dungeon)
Scrolls
 d - 2 scrolls of magic mapping {unknown}
 f - 3 scrolls of teleportation {@r4}
 g - a scroll of immolation {unknown}
 j - 2 scrolls of remove curse {@r2}
 l - a scroll of identify {@r1}
 p - 2 scrolls of amnesia {unknown}
 u - a scroll of noise {unknown}
 x - a scroll of random uselessness {unknown}
 C - a scroll of blinking {unknown}
 D - a scroll of fog {unknown}
Potions
 b - a potion of resistance {unknown}
 n - a potion of cancellation
 o - 3 potions of brilliance {unknown}
 t - a potion of stabbing
 v - a potion of flight
 z - 2 potions of mutation {!q}


   Skills:
 - Level 2.4 Dodging
 - Level 2.4 Stealth
 - Level 5.2 Spellcasting
 * Level 4.5 Conjurations
 * Level 7.9 Ice Magic


You had one spell level left.
You knew the following spells:

 Your Spells              Type           Power        Failure   Level
a - Freeze                Ice            ####         1%          1
b - Frozen Ramparts       Ice            #####.       1%          3
c - Ozocubu's Armour      Ice            #####...     1%          3
d - Hailstorm             Conj/Ice       ####....     9%          4
e - Summon Ice Beast      Ice/Summ       ###.....     22%         4

Your spell library contained the following spells:

 Spells                   Type           Power        Failure   Level


Dungeon Overview and Level Annotations

Branches:
Dungeon (5/15)             Temple (1/1) D:4

Altars:
Ashenzari
Cheibriados
Dithmenos
Elyvilon
Fedhas
Hepliaklqana
Makhleb
Qazlal
Ru
Sif Muna
Wu Jian
Xom
The Shining One


Message History

You hit the gnoll.
The wall freezes the gnoll. x2; The gnoll misses you.
The wall freezes the gnoll.
You closely miss the gnoll.
The wall freezes the gnoll!
You kill the gnoll!
Sif Muna accepts your kill.
The wall freezes the gnoll!
You kill the gnoll!
Sif Muna accepts your kill.
No target in view!
Things that are here:
a cursed -2 club; a gnoll corpse
Things that are here:
a +0 whip; a +0 club; a gnoll corpse You start resting.
The frozen ramparts melt away.
You start resting.
Found a scroll labeled OLOKOGEY LOZO.
Found a stone staircase leading down.
A centaur comes into view.
A centaur is nearby!
The centaur wields a +0 shortbow.
The centaur shoots an arrow.
The arrow hits you.
You see here an arrow.
The centaur shoots an arrow.
The arrow hits you.
The centaur shoots an arrow.
The arrow hits you!
You see here an arrow.
The centaur shoots an arrow.
The arrow misses you.
Found 18 arrows.
The centaur unwields a +0 shortbow.
The centaur hits you.
Found 25 stones and 2 scrolls of remove curse.
You hit the centaur. The centaur hits you. The centaur barely misses you.
You hit the centaur but do no damage.
The centaur hits you but does no damage.
The centaur barely misses you.
You hit the centaur but do no damage.
The centaur hits you but does no damage.
You hit the centaur.
The centaur hits you but does no damage.
The centaur closely misses you.
You barely miss the centaur. The centaur hits you!
* * * LOW HITPOINT WARNING * * *
The centaur hits you.
* * * LOW HITPOINT WARNING * * *
Aim: a centaur, quivering 8 arrows (heavily wounded)
You freeze the centaur! The centaur hits you!
* * * LOW HITPOINT WARNING * * *
It was a potion of stabbing.
You feel ready to backstab. The centaur hits you!
You die...

............
..?.....(...............
....(...................
.......................#
......................##
......................##
......................###
.........c..............##
.........@................
.....................#####
.........(.>........# #
.......?...........#
........(.........########
.............#.... #......
.........(...#... #......
..............##..
##...... ................#
#.......


You could see a centaur.

Vanquished Creatures
  A phantom (D:4)
  2 ogres (D:4)
  A water moccasin skeleton (D:5)
  A howler monkey (D:5)
  A bullfrog skeleton (D:5)
  An iguana (D:4)
  2 worker ants (D:4)
  A worker ant zombie (D:5)
  Robin (D:3)
  6 gnolls
  8 adders
  An ooze (D:2)
  A worm (D:4)
  A dart slug (D:2)
  4 leopard geckos
  4 orcs
  5 giant cockroaches
  8 goblins
  9 hobgoblins
  6 jackals
  6 kobolds
  2 quokkas (D:3)
  3 ball pythons
  8 bats
  3 frilled lizards
  11 rats
97 creatures vanquished.

Notes
Turn   | Place    | Note
-------+----------+-------------------------------------------
     0 | D:1      | CovertPenguin the Deep Elf Ice Elementalist began the quest
                  | for the Orb.
     0 | D:1      | Reached XP level 1. HP: 10/10 MP: 6/6
   321 | D:1      | Reached XP level 2. HP: 15/15 MP: 8/8
   481 | D:1      | Reached skill level 5 in Ice Magic
   799 | D:2      | Reached XP level 3. HP: 4/19 MP: 6/10
  1040 | D:2      | Learned a level 3 spell: Frozen Ramparts
  1044 | D:2      | Learned a level 3 spell: Ozocubu's Armour
  1202 | D:2      | Found a snail-covered altar of Cheibriados.
  1234 | D:2      | Found a blossoming altar of Fedhas.
  1674 | D:3      | Reached XP level 4. HP: 24/24 MP: 8/12
  1685 | D:3      | Noticed Robin
  1693 | D:3      | Killed Robin
  1973 | D:3      | Reached skill level 6 in Ice Magic
  2089 | D:3      | Reached XP level 5. HP: 28/28 MP: 10/14
  2095 | D:3      | Learned a level 4 spell: Hailstorm
  2379 | D:4      | Found a staircase to the Ecumenical Temple.
  2379 | D:4      | Noticed an ogre
  2388 | Temple   | Entered the Ecumenical Temple
  2516 | Temple   | Became a worshipper of Sif Muna the Loreminder
  2550 | D:4      | Killed an ogre
  2550 | D:4      | Reached skill level 5 in Spellcasting
  2550 | D:4      | Reached skill level 1 in Conjurations
  2772 | D:4      | Reached XP level 6. HP: 21/32 MP: 15/15
  2887 | D:4      | Learned a level 4 spell: Summon Ice Beast
  3439 | D:4      | Reached skill level 7 in Ice Magic
  3615 | D:4      | Reached XP level 7. HP: 31/36 MP: 7/16
  3767 | D:5      | Entered Level 5 of the Dungeon
  3785 | D:5      | Found a hazy altar of Hepliaklqana.
  4252 | D:5      | Found a broken altar of Ashenzari.
  4456 | D:5      | Slain by a centaur

Illustrated notes

Levels and vault maps discovered:
D:1:      dpeg_arrival_pond, layout_rooms, minmay_pentomino_q2
D:2:      layout_loops_ring, fedhas_altar_2, lemuel_doored_altar
D:3:      layout_loops_ring, minmay_circle_x, uniq_robin
D:4:      layout_rooms, minmay_temple_entry_grid
D:5:      layout_layer_cave, kennysheep_mini_moat,
          lemuel_coloured_pillars_altar, nicolae_ashenzari_panopticon
Temple:   nicolae_temple_figure_zero

Skill      XL: |  1  2  3  4  5  6  7 |
---------------+----------------------+-----
Ice Magic      | 5 6 7 |  7.9
Spellcasting   | 4 5 |  5.2
Conjurations   | 2 3 4 |  4.5
Dodging        | |  2.4
Stealth        | |  2.4

Action                   |  1- 3 |  4- 6 |  7- 9 || total
-------------------------+-------+-------+-------++-------
Melee: Whip              |    31 |     9 |    30 ||    70
       Dagger            |       |    54 |    17 ||    71
Throw: Stone             |     1 |     1 |       ||     2
 Cast: Freeze            |    30 |     1 |     2 ||    33
       Frozen Ramparts   |     4 |    13 |     4 ||    21
       Hailstorm         |       |     2 |       ||     2
       Summon Ice Beast  |       |     1 |       ||     1
  Use: Scroll            |       |     2 |     4 ||     6
       Potion            |       |       |     1 ||     1
 Stab: Sleeping          |     7 |     5 |     6 ||    18
Armor: Robe              |     6 |     6 |    13 ||    25
Dodge: Dodged            |    42 |    38 |    31 ||   111

Table legend: (Time is in decaauts)
 A = Elapsed time spent in this place.
 B = Non-inter-level travel time spent in this place.
 C = Inter-level travel time spent in this place.
 D = Time resting spent in this place.
 E = Time spent auto-exploring this place.
 F = Levels seen in this place.
 G = Mean time per level.
                   A        B        C        D        E       F      G
               +--------+--------+--------+--------+--------+-----+--------+
         Total |   4459 |   4384 |     75 |   1569 |   2000 |   6 |  743.2 |
       Dungeon |   4318 |   4275 |     43 |   1569 |   1893 |   5 |  863.6 |
        Temple |    140 |    108 |     32 |      0 |    107 |   1 |  140.0 |
               +--------+--------+--------+--------+--------+-----+--------+

Top non-repeatable levels by time:
     D:4: 1031 daAuts
     D:3: 947 daAuts
     D:2: 889 daAuts
     D:1: 758 daAuts
     D:5: 691 daAuts
  Temple: 140 daAuts
